 Dungeon Crawl Stone Soup version 0.21.1-1-g345015f (webtiles) character file.

672 inc the Magician (level 7, -3/51 HPs)
             Began as a Gnoll Wizard on June 9, 2018.
             Killed by divine providence
             ... invoked by an orc priest
              (12 damage)
             ... on level 4 of the Dungeon.
             The game lasted 00:05:35 (3370 turns).

inc the Magician (Gnoll Wizard)                     Turns: 3370, Time: 00:05:36

Health: -3/51      AC:  8    Str: 11    XL:     7   Next: 58%
Magic:  13/18      EV: 14    Int: 21    God:
Gold:   119        SH:  0    Dex: 13    Spells: 15/21 levels left

rFire    . . .     SeeInvis .   z - +1 flail (venom)
rCold    . . .     Gourm    +   (no shield)
rNeg     . . .     Faith    .   q - +0 leather armour {rPois}
rPois    +         Spirit   .   m - +1 helmet
rElec    .         Reflect  .   (no cloak)
rCorr    .         Harm     .   (no gloves)
MR       +....                  (no boots)
Stlth    +++.......             v - amulet of the gourmand
HPRegen  0.17/turn              l - ring of protection from magic (curse)
MPRegen  0.16/turn              y - +3 ring of protection

@: no status effects
A: distributed training, fangs 1, strong nose
a: no special abilities


You were on level 4 of the Dungeon.
You were not hungry.

You visited 1 branch of the dungeon, and saw 4 of its levels.

You collected 119 gold pieces.

Inventory:

Hand Weapons
 k - a +0 dagger
 w - a +0 rapier
 z - a +1 flail of venom (weapon)
Armour
 a - a +0 robe
 b - a +0 hat
 h - a +0 helmet
 m - a +1 helmet (worn)
 q - a +0 leather armour of poison resistance (worn)
Jewellery
 l - a cursed ring of protection from magic (left hand)
 n - an uncursed ring of positive energy
 v - an amulet of the gourmand (around neck)
 y - a +3 ring of protection (right hand)
Wands
 t - a wand of iceblast (4)
Scrolls
 g - 3 scrolls of enchant armour {unknown}
 i - 3 scrolls of remove curse {unknown}
 j - 4 scrolls of identify {unknown}
 o - a scroll of teleportation {unknown}
 r - a scroll of blinking {unknown}
 s - a scroll of random uselessness {unknown}
 u - 2 scrolls of enchant weapon {unknown}
 x - a scroll of amnesia {unknown}
Potions
 e - a potion of might {unknown}
 f - a potion of haste
 A - a potion of agility {unknown}
Books
 c - a book of Minor Magic

   Spells                             Type                      Level
   a - Magic Dart                     Conjuration                  1
   b - Blink                          Translocation                2
   c - Call Imp                       Summoning                    2
   d - Slow                           Hexes                        2
   e - Conjure Flame                  Conjuration/Fire             3
   f - Mephitic Cloud                 Conjuration/Poison/Air       3
Comestibles
 d - 9 rations


   Skills:
 + Level 2.5 Fighting
 + Level 2.5 Short Blades
 + Level 2.5 Long Blades
 + Level 2.5 Axes
 + Level 2.5 Maces & Flails
 + Level 2.5 Polearms
 + Level 2.5 Staves
 + Level 2.5 Slings
 + Level 2.5 Bows
 + Level 2.5 Crossbows
 + Level 2.5 Throwing
 + Level 2.5 Armour
 + Level 5.2 Dodging
 + Level 4.9 Stealth
 + Level 2.5 Shields
 + Level 2.5 Unarmed Combat
 + Level 7.6 Spellcasting
 + Level 3.0 Conjurations
 + Level 2.0 Hexes
 + Level 2.0 Charms
 + Level 3.0 Summonings
 + Level 2.0 Necromancy
 + Level 3.0 Translocations
 + Level 2.0 Transmutations
 + Level 2.0 Fire Magic
 + Level 2.0 Ice Magic
 + Level 2.0 Air Magic
 + Level 2.0 Earth Magic
 + Level 2.0 Poison Magic
 + Level 2.8 Invocations
 + Level 2.5 Evocations


You had 15 spell levels left.
You knew the following spells:

 Your Spells              Type           Power        Failure   Level  Hunger
a - Magic Dart            Conj           ###.         3%          1    None
b - Blink                 Tloc           N/A          4%          2    None
c - Mephitic Cloud        Conj/Pois/Air  ###.....     12%         3    None


Dungeon Overview and Level Annotations

Branches:
Dungeon (4/15)
 Temple: D:4-7

Altars:
Wu Jian
Zin


Innate Abilities, Weirdness & Mutations

Your experience applies equally to all skills.
You have very sharp teeth.
Your uncanny sense of smell can sniff out nearby items.


Message History

You hear a shout!
You barely miss the orc priest.
You bite the orc priest, but do no damage.
The orc priest looks satisfied for a moment.
The orc closely misses you.
An orc priest comes into view. It is wielding a hand axe.
Unknown command.
You closely miss the orc priest. Your punch misses the orc priest.
The orc misses you.
The orc priest hits you with a hand axe.
* * * LOW HITPOINT WARNING * * *
Unknown command.
You hit the orc priest but do no damage.
The orc priest is poisoned.
The orc closely misses you.
The orc priest looks braver for a moment.
The orc barely misses you. The orc priest barely misses you.
Unknown command.
The orc priest invokes the aid of Beogh against you.
Beogh smites you!
You die...

+.... #.... #.... # #....
#..# .# #....
......############..##.##.
###'#
......#...................
#....
......#...................
#....
......#..........o...o....
#....
......#..........oo.......
#....
......#'########@##)##....
#.... .............# ###
.# # ###'## .............#
.. #..... ###'##.......#
... #..... .....#.......#
.... #..... .....#.......+
..... #.....
.....#.......# ......
#..... .....#.......#
#..... .....#.......#
#.....


You could see 3 orc priests and an orc.

Vanquished Creatures
  Grinder (D:4)
  An ogre (D:4)
  A howler monkey (D:4)
  2 orc priests (D:4)
  A bullfrog skeleton (D:4)
  An orc wizard (D:4)
  Jessica (D:3)
  Natasha (twice) (D:2)
  A worker ant (D:4)
  A hound skeleton (D:4)
  6 adders
  A dart slug (D:2)
  A worm (D:2)
  A leopard gecko (D:2)
  5 orcs
  4 bats
  4 giant cockroaches
  11 goblins
  7 hobgoblins
  4 kobolds
  A quokka (D:3)
  4 frilled lizards
  A leopard gecko skeleton (D:4)
  6 rats
68 creatures vanquished.

Notes
Turn   | Place    | Note
-------+----------+-------------------------------------------
     0 | D:1      | inc the Gnoll Wizard began the quest for the Orb.
     0 | D:1      | Reached XP level 1. HP: 13/13 MP: 8/8
   194 | D:1      | Reached XP level 2. HP: 19/19 MP: 5/10
   847 | D:1      | Learned a level 2 spell: Blink
  1106 | D:2      | Noticed Natasha
  1117 | D:2      | Killed Natasha
  1117 | D:2      | Reached skill level 1 in Invocations
  1117 | D:2      | Reached XP level 3. HP: 18/25 MP: 0/11
  1290 | D:2      | Reached skill level 1 in Fighting
  1290 | D:2      | Reached skill level 1 in Short Blades
  1290 | D:2      | Reached skill level 1 in Long Blades
  1290 | D:2      | Reached skill level 1 in Axes
  1290 | D:2      | Reached skill level 1 in Maces & Flails
  1290 | D:2      | Reached skill level 1 in Polearms
  1290 | D:2      | Reached skill level 1 in Staves
  1290 | D:2      | Reached skill level 1 in Slings
  1290 | D:2      | Reached skill level 1 in Bows
  1290 | D:2      | Reached skill level 1 in Crossbows
  1290 | D:2      | Reached skill level 1 in Throwing
  1290 | D:2      | Reached skill level 1 in Armour
  1290 | D:2      | Reached skill level 1 in Shields
  1290 | D:2      | Reached skill level 1 in Unarmed Combat
  1290 | D:2      | Reached skill level 1 in Evocations
  1309 | D:2      | Found a glowing silver altar of Zin.
  1310 | D:2      | Found an ornate altar of the Wu Jian Council.
  1361 | D:2      | Reached XP level 4. HP: 32/32 MP: 5/13
  1764 | D:2      | Noticed Natasha
  1767 | D:2      | Killed Natasha
  1767 | D:2      | Reached skill level 1 in Hexes
  1767 | D:2      | Reached skill level 1 in Charms
  1767 | D:2      | Reached skill level 1 in Necromancy
  1767 | D:2      | Reached skill level 1 in Transmutations
  1767 | D:2      | Reached skill level 1 in Fire Magic
  1767 | D:2      | Reached skill level 1 in Ice Magic
  1767 | D:2      | Reached skill level 1 in Air Magic
  1767 | D:2      | Reached skill level 1 in Earth Magic
  1767 | D:2      | Reached skill level 1 in Poison Magic
  1797 | D:3      | Reached XP level 5. HP: 32/37 MP: 6/14
  1803 | D:3      | Learned a level 3 spell: Mephitic Cloud
  1983 | D:3      | Noticed Jessica
  1986 | D:3      | Killed Jessica
  2413 | D:4      | Noticed Grinder
  2434 | D:4      | Killed Grinder
  2434 | D:4      | Reached skill level 5 in Dodging
  2434 | D:4      | Reached XP level 6. HP: 10/44 MP: 12/16
  2898 | D:4      | Reached XP level 7. HP: 25/50 MP: 2/18
  3370 | D:4      | Killed from afar by an orc priest

Skill      XL: |  1  2  3  4  5  6  7 |
---------------+----------------------+-----
Conjurations   | 2 3 |  3.0
Summonings     | 2 3 |  3.0
Translocations | 2 3 |  3.0
Invocations    | 1 2 |  2.8
Fighting       | 1 2 |  2.5
Short Blades   | 1 2 |  2.5
Long Blades    | 1 2 |  2.5
Axes           | 1 2 |  2.5
Maces & Flails | 1 2 |  2.5
Polearms       | 1 2 |  2.5
Staves         | 1 2 |  2.5
Slings         | 1 2 |  2.5
Bows           | 1 2 |  2.5
Crossbows      | 1 2 |  2.5
Throwing       | 1 2 |  2.5
Armour         | 1 2 |  2.5
Shields        | 1 2 |  2.5
Unarmed Combat | 1 2 |  2.5
Evocations     | 1 2 |  2.5
Hexes          | 1 2 |  2.0
Charms         | 1 2 |  2.0
Necromancy     | 1 2 |  2.0
Transmutations | 1 2 |  2.0
Fire Magic     | 1 2 |  2.0
Ice Magic      | 1 2 |  2.0
Air Magic      | 1 2 |  2.0
Earth Magic    | 1 2 |  2.0
Poison Magic   | 1 2 |  2.0
Dodging        | 5 |  5.2
Stealth        | |  4.9
Spellcasting   | |  7.6

Action                   |  1- 3 |  4- 6 |  7- 9 || total
-------------------------+-------+-------+-------++-------
Melee: Dagger            |     8 |       |       ||     8
       Bite              |     1 |       |     2 ||     3
       Rapier            |       |    12 |       ||    12
       Flail             |       |       |    14 ||    14
 Cast: Magic Dart        |    67 |   111 |    32 ||   210
  Use: Potion            |       |     4 |     1 ||     5
  Eat: Chunk             |     2 |     4 |     3 ||     9
Armor: Leather armour    |     3 |    13 |     8 ||    24
Dodge: Dodged            |    15 |    17 |    15 ||    47
